 BcadrenCrawl: Boulder Brew version 0.03.3.1 (webtiles) character file.

Game seed: 16493706759771468078, levelgen mode: deterministic

94 Chiseanne the Ducker (level 4, -2/26 HPs) Deep Elf Demonspawn. Began on Mar 12, 2021. Splashed by a jelly's acid (9 damage) ... on level 2 of the Dungeon. The game lasted 00:02:35 (853 turns).

Chiseanne the Ducker (Deep Elf Demonspawn)           Turns: 853, Time: 00:02:35

Health: -2/26      AC: -1    Str: 12    XL:     4 ^: 61
Magic:  8/8        EV: 14    Int: 17    God:
Gold:   52         SH:  0    Dex: 14    Spells: 5/6 levels left

rFire    + . .     Vision   .   a - +0 rapier
rCold    . . .     Gourm    .   c - +0 short sword (freeze)
rNeg     . . .     Faith    .   b - +0 leather armour
rPois    .         Spirit   .   (no helmet)
rElec    .         Reflect  .   (no cloak)
rCorr    .         Harm     .   (no gloves)
MR       .....                  (no boots)
Stlth    ++........             (no amulet)
HPRegen  0.18/turn              (no ring)
MPRegen  0.18/turn              (no ring)

@: corroded
A: fire resistance 1, powered by death 1
a: no special abilities


You were on level 2 of the Dungeon.
You were not hungry.

You visited 1 branch of the dungeon, and saw 2 of its levels.

You collected 52 gold pieces.

Inventory:

Weapons
 a - a +0 rapier (weapon)
 c - a +0 short sword of freezing (weapon) Shields
 e - a +0 buckler
Armour
 b - a +0 leather armour (worn)
Jewellery
 h - an uncursed ring of strength
Potions
 f - a potion of curing
 g - a potion of berserk rage
Comestibles
 d - 5 rations


   Skills:
 * Level 2.1 Fighting
 * Level 2.5 Short Blades
 * Level 4.7 Dodging
 - Level 2.4 Stealth
 - Level 1.5 Spellcasting
 - Level 2.1 Fire Magic
   Level 3.0 Invocations


You had 5 spell levels left.
You knew the following spells:

 Your Spells              Type           Power        Failure   Level  Hunger
a - Flame Tongue          Fire           8 (30)       10%         1    ##.....

Your spell library contained the following spells:

 Spells                   Type           Power        Failure   Level  Hunger
 Conjure Flame            Fire           8 (100)      28%         3    ####...
 Blink                    Tloc           N/A          34%         2    ###....
 Call Imp                 Summ           1 (100)      34%         2    ###....
 Slow                     Hex            1 (100)      34%         2    ###....
 Mephitic Cloud           Pois/Air       1 (100)      56%         3    ####...


Dungeon Overview and Level Annotations

Branches:
Dungeon (2/8)

Altars:


Innate Abilities, Weirdness & Mutations

You are heat resistant. (rF+)
You regenerate a little health from kills.


Message History

The jelly quivers.
You enter the shallow water.
Moving in this stuff is going to be slow.
You start waiting.
The jelly is too close now for your liking.
The jelly hits you (1).
You are splashed with acid (8)!
You puncture the jelly (9)!
Your hands burn (1).
You hit the jelly (6). You freeze the jelly (2).
Your hands burn (1).
The jelly hits you but does no damage. The jelly closely misses you (0).
You hit the jelly (3).
You kill the jelly!
Your Fighting skill increases to level 2!
You have reached level 4!
You feel clever. The jelly hits you but does no damage.
You hit the jelly (5).
Your hands burn (1).
You hit the jelly (6). You freeze the jelly (2).
Your hands burn (3).
The jelly hits you (2).
* * * LOW HITPOINT WARNING * * *
The acid corrodes you!
You are splashed with acid (9)!
You die...

#...≈≈≈≈≈#
#.≈≈≈≈≈≈≈#
###.≈≈≈≈≈≈≈#
#P#.≈≈≈≈≈≈≈
#.P...≈≈≈≈P
P#..≈...≈PP
###≈b≈≈..PP
##≈...≈≈≈.≈.
#.@J≈≈.≈≈≈.≈
####≈..≈≈≈≈.
#########.≈≈.≈....
.≈≈..≈..≈≈≈≈≈..≈≈≈
≈≈≈b≈≈≈.≈≈≈≈≈≈...≈
≈≈≈≈≈≈J≈≈≈≈≈≈≈≈≈.b
≈≈≈≈≈≈≈≈J≈bb≈≈≈≈≈≈
≈≈≈^≈≈≈≈≈≈≈≈≈≈≈≈≈≈
≈≈≈≈P≈≈≈≈≈≈≈≈≈≈≈≈b


You could see a jelly.

Vanquished Creatures
  A jelly (D:2)
  2 giant cockroaches
  2 dart slugs (D:1)
  2 leopard geckos (D:1)
  2 bats (D:1)
  5 goblins (D:1)
  3 hobgoblins (D:1)
  8 kobolds (D:1)
  2 rats (D:1)
27 creatures vanquished.

Vanquished Creatures (others)
  6 withered plants (D:2)
6 creatures vanquished.

Grand Total: 33 creatures vanquished

Notes
Turn   | Place    | Note
-------+----------+-------------------------------------------
     0 | D:1      | Chiseanne the Deep Elf Demonspawn began the quest for the
                  | Orb.
     0 | D:1      | Reached XP level 1. HP: 11/11 MP: 5/5
   158 | D:1      | Reached skill level 1 in Fighting
   199 | D:1      | Gained mutation: You regenerate a little health from kills.
                  | [demonic ancestry]
   199 | D:1      | Reached XP level 2. HP: 16/16 MP: 6/6
   201 | D:1      | Reached skill level 4 in Dodging
   352 | D:1      | Gained mutation: You are heat resistant. (rF+) [demonic
                  | ancestry]
   352 | D:1      | Reached XP level 3. HP: 20/20 MP: 7/7
   849 | D:2      | Reached XP level 4. HP: 12/26 MP: 8/8
   853 | D:2      | Splashed by a jelly's acid

Levels and vault maps discovered:
D:1:      psy_arrival_heroes, layout_basic, serial_curves, eino_curves_01,
          eino_curves_01, first_ration
D:2:      layout_sewer

Skill      XL: |  1  2  3 |
---------------+----------+-----
Fighting       | 1 2 |  2.1
Dodging        | 4 |  4.7
Short Blades   | |  2.5
Stealth        | |  2.4
Spellcasting   | |  1.5
Fire Magic     | |  2.1
Invocations    | |  3.0

Action                   |  1- 3 |  4- 6 || total
-------------------------+-------+-------++-------
Melee: Rapier            |    45 |     1 ||    46
       Unarmed           |    11 |       ||    11
       Short sword       |    12 |     1 ||    13
Armor: Leather armour    |     4 |     1 ||     5
Dodge: Dodged            |    43 |       ||    43
